 Dungeon Crawl Stone Soup version 0.22.0-40-g68aacdc (webtiles) character file.

92 Folque the Grasshopper (level 4, -2/38 HPs)
             Began as a Draconian Warper on Sept 2, 2018.
             Killed by divine providence
             ... invoked by an orc priest
              (14 damage)
             ... on level 3 of the Dungeon.
             The game lasted 00:13:03 (1948 turns).

Folque the Grasshopper (Draconian Warper)           Turns: 1948, Time: 00:13:04

Health: -2/38      AC:  5    Str: 13    XL:     4   Next: 35%
Magic:  3/7        EV: 12    Int: 14    God:
Gold:   118        SH:  0    Dex: 11    Spells: 0/7 levels left

rFire    . . .     SeeInvis .   a - +0 spear
rCold    . . .     Gourm    .   (no shield)
rNeg     . . .     Faith    .   (armour unavailable)
rPois    .         Spirit   .   (helmet restricted)
rElec    .         Reflect  .   (no cloak)
rCorr    .         Harm     .   (no gloves)
MR       .....                  (no boots)
Stlth    +.........             (no amulet)
HPRegen  0.12/turn              (no ring)
MPRegen  0.10/turn              (no ring)

@: shrouded (expiring)
A: unfitting armour, cold-blooded, AC +5
a: no special abilities


You were on level 3 of the Dungeon.
You were not hungry.

You visited 1 branch of the dungeon, and saw 3 of its levels.

You collected 118 gold pieces.

Inventory:

Hand Weapons
 a - a +0 spear (weapon)
 h - a +2 whip of draining
Missiles
 d - 5 tomahawks of dispersal
 n - a throwing net
 v - 6 javelins (quivered)
Jewellery
 w - an uncursed ring of stealth {unknown}
Scrolls
 c - 3 scrolls of blinking
 e - 3 scrolls of teleportation
 g - 5 scrolls of magic mapping
 j - a scroll of remove curse {unknown}
 m - a scroll of amnesia {unknown}
 p - a scroll of fear {unknown}
 q - a scroll of identify {unknown}
 s - 2 scrolls of random uselessness {unknown}
 y - 2 scrolls of enchant armour
Potions
 b - a potion of might {unknown}
 i - 2 potions of curing {unknown}
 k - a potion of invisibility {unknown}
 o - a potion of cancellation {unknown}
 r - a potion of brilliance {unknown}
 t - a potion of berserk rage {unknown}
 u - 2 potions of heal wounds {unknown}
 x - a potion of magic {unknown}
Comestibles
 f - 6 rations
 l - 7 chunks of flesh


   Skills:
 + Level 3.5 Fighting
 - Level 2.0 Polearms
 - Level 1.2 Throwing
 + Level 2.5 Dodging
 - Level 2.3 Spellcasting
 * Level 3.8 Translocations


You couldn't memorise any spells.
You knew the following spells:

 Your Spells              Type           Power        Failure   Level  Hunger
a - Blink                 Tloc           N/A          8%          2    ###....
b - Shroud of Golubria    Chrm/Tloc      #.........   16%         2    ###....
c - Lesser Beckoning      Tloc           ##........   14%         3    ###....

Your spell library contained the following spells:

 Spells                   Type           Power        Failure   Level  Hunger
 Gell's Gravitas          Tloc           ##........   14%         3    ###....
 Teleport Other           Tloc           ##......     14%         3    ###....
 Passage of Golubria      Tloc           N/A          43%         4    #####..


Dungeon Overview and Level Annotations

Branches:
Dungeon (3/15)

Altars:


Innate Abilities, Weirdness & Mutations

Your plain brown scales are hard. (AC +5)
You cannot fit into any form of body armour.
You are cold-blooded and may be slowed by cold attacks.


Message History

You hit the orc priest but do no damage.
You tail-slap the orc priest.
The orc priest is moderately wounded.
Your shroud begins to fray at the edges.
An orc comes into view. It is wielding a hand axe.
The orc shouts!
You hit the orc priest.
The orc priest is moderately wounded.
You hear a shout!
Your shroud bends the orc priest's attack away.
An orc comes into view. It is wielding a dagger.
The orc shouts!
You hit the orc priest.
The orc priest is severely wounded.
The orc priest closely misses you.
You hit the orc priest but do no damage.
The orc priest is severely wounded.
The orc priest mumbles some strange prayers to Beogh against you.
Beogh smites you!
You die...

.... .o. ...o. ...
#...# ..# ..#.# #.#
#.#o# #.# #.#o# ###
#.# #.#@# #.# #.#
#.#)#
#)###.###.#.####.#
#>.........(.......
######....####...#.
#.......# ###
#.#.....# #.#.....#
#.#....(#


You could see an orc priest and 3 orcs.

Vanquished Creatures
  A gnoll (D:1)
  2 adders (D:2)
  2 worms
  A dart slug (D:2)
  3 orcs (D:3)
  A giant cockroach (D:2)
  6 hobgoblins
  5 jackals (D:2)
  A quokka (D:3)
  4 ball pythons
  7 bats
  5 frilled lizards
  8 kobolds
  8 rats
54 creatures vanquished.

Notes
Turn   | Place    | Note
-------+----------+-------------------------------------------
     0 | D:1      | Folque the Draconian Warper began the quest for the Orb.
     0 | D:1      | Reached XP level 1. HP: 17/17 MP: 3/3
    49 | D:1      | Reached skill level 1 in Throwing
    49 | D:1      | Reached XP level 2. HP: 8/25 MP: 5/5
   265 | D:1      | Learned a level 2 spell: Blink
   268 | D:1      | Learned a level 2 spell: Shroud of Golubria
   944 | D:2      | Reached XP level 3. HP: 31/31 MP: 6/6
  1526 | D:2      | Reached XP level 4. HP: 38/38 MP: 4/7
  1596 | D:2      | Learned a level 3 spell: Lesser Beckoning
  1948 | D:3      | Killed from afar by an orc priest

Skill      XL: |  1  2 |
---------------+-------+-----
Throwing       | 1 |  1.2
Fighting       | 3 |  3.5
Polearms       | |  2.0
Dodging        | |  2.5
Spellcasting   | |  2.3
Translocations | |  3.8

Action                   |  1- 3 |  4- 6 || total
-------------------------+-------+-------++-------
Melee: Spear             |   210 |    68 ||   278
       Tailslap          |    15 |     4 ||    19
Throw: Javelin           |       |     2 ||     2
 Cast: Shroud of Golubri |     4 |     4 ||     8
       Blink             |     1 |       ||     1
  Use: Scroll            |     3 |       ||     3
 Stab: Sleeping          |       |     2 ||     2
  Eat: Chunk             |     3 |     1 ||     4
Armor: Skin              |    48 |    10 ||    58
Dodge: Dodged            |   117 |    26 ||   143
